 Dungeon Crawl Stone Soup version 0.31.0-11-ge490571c62 (webtiles) character file.

Game seed: 9840343419325387894

228 Abimelech the Trooper (level 5, -2/46 HPs)
             Began as a Draconian Fighter on Feb 4, 2024.
             Succumbed to a scorpion's poison
             ... on level 5 of the Dungeon.
             The game lasted 00:07:34 (2056 turns).

Abimelech the Trooper (Draconian Fighter)           Turns: 2056, Time: 00:07:34

Health: -2/46      AC:  5    Str: 18    XL:     5   Next: 71%
Magic:  5/5        EV: 13    Int: 11    God:
Gold:   109        SH:  5    Dex: 13    Spells: 4/4 levels left

rFire   . . .        f - +0 dagger "Xudwa" {heavy, Dex+3 SInv}
rCold   . . .        b - +0 buckler
rNeg    . . .        (body armour unavailable)
rPois   .            (helmet restricted)
rElec   .            (no cloak)
rCorr   .            (no gloves)
SInv    +            (no boots)
Will    .....        (no amulet)
Stlth   ++           (no ring)
HPRegen 0.27/turn    (no ring)
MPRegen 0.09/turn

%: no passive effects
@: lethally poisoned (-2 -> -18)
A: AC +5, unfitting armour, cold-blooded, claws 1, sense surroundings 1, wild
magic 1
a: no special abilities


You were on level 5 of the Dungeon.
You visited 1 branch of the dungeon, and saw 5 of its levels.

You collected 109 gold pieces.

Inventory:

Hand Weapons
 a - a +1 war axe
 f - the +0 dagger "Xudwa" (weapon) {heavy, Dex+3 SInv}
   (You found it on level 3 of the Dungeon)

   Dex+3:     It affects your dexterity (+3).
   SInv:      It lets you see invisible.
Missiles
 h - 2 boomerangs (quivered)
Armour
 b - a +0 buckler (worn)
Jewellery
 j - a ring of flight
Scrolls
 g - a scroll of poison
 i - a scroll of immolation
Potions
 c - a potion of might
 d - a potion of heal wounds {unknown}
 e - a potion of curing


   Skills:
 * Level 4.1 Fighting
 * Level 1.2 Short Blades
 - Level 2.6 Axes
 * Level 0.9 Throwing
 * Level 3.9 Dodging
 * Level 1.7 Stealth
 * Level 3.7 Shields


You had 4 spell levels left.
You didn't know any spells.
Your spell library was empty.

Dungeon Overview and Level Annotations

Branches:
Dungeon (5/15)
 Temple: D:4-7

Altars:

Annotations:
D:4 3 runed translucent doors, knightboat's ghost, amateur HOMo


Innate Abilities, Weirdness & Mutations

Your plain brown scales are hard. (AC +5)
You cannot fit into any form of body armour.
You are cold-blooded and may be slowed by cold attacks.
You have sharp fingernails.
You passively map a small area around you.
Your spells are a little harder to cast, but a little more powerful.


Message History

The scorpion is lightly wounded.
You feel sick. The scorpion stings you.
The scorpion stings you but does no damage.
You hit the scorpion.
The scorpion is moderately wounded.
You feel sick.
The scorpion stings you but does no damage.
The scorpion stings you.
You are more poisoned.
The scorpion poisons you!
You hit the scorpion but do no damage.
You tail-slap the scorpion, but do no damage.
The scorpion is moderately wounded.
You feel very sick. The scorpion closely misses you.
You hit the scorpion.
The scorpion is heavily wounded.
You feel very sick. You block the scorpion's attack.
The scorpion barely misses you.
You hit the scorpion but do no damage.
The scorpion is heavily wounded.
You feel very sick. You block the scorpion's attack.
The scorpion closely misses you.
You hit the scorpion.
The scorpion is severely wounded.
You feel sick.
The scorpion stings you but does no damage.
You block the scorpion's attack.
You closely miss the scorpion.
The scorpion is severely wounded.
You feel sick. The scorpion barely misses you.
You hit the scorpion but do no damage.
The scorpion is severely wounded.
You feel sick. The scorpion stings you.
* * * LOW HITPOINT WARNING * * *
You are lethally poisoned!
The scorpion poisons you! The scorpion misses you.
You hit the scorpion.
The scorpion is almost dead.
You die...

#....#
###.#######.. #.#
*
.......#..,..###.#
#####..#.#
#......,, #..#.#
#..##.# #* *
#....# #..##.##.#
, #....# #.......,
* *
#.#..####.##.#*, *
#.#.........@# *
#...#####....s..#
......#.#
#########
#.##.##.# , *#.
#.# * * .. .(#
*##.*### #. * #.


You could see a scorpion.

Vanquished Creatures
  A phantom (D:5)
  2 bombardier beetles (D:4)
  4 adders (D:3)
  A gnoll (D:1)
  A white imp (D:5)
  A dart slug (D:1)
  An orc (D:4)
  2 ball pythons
  2 endoplasms
  2 giant cockroaches (D:3)
  4 hobgoblins
  3 kobolds
  A quokka (D:1)
  5 bats
  2 frilled lizards (D:1)
  2 goblins
  3 rats
37 creatures vanquished.

Notes
Turn   | Place    | Note
-------+----------+-------------------------------------------
     0 | D:1      | Abimelech the Draconian Fighter began the quest for the
                  | Orb.
     0 | D:1      | Reached XP level 1. HP: 19/19 MP: 1/1
   294 | D:1      | Reached XP level 2. HP: 15/26 MP: 2/2
   630 | D:2      | You fall into a shaft and drop 1 floor!
   687 | D:2      | Reached XP level 3. HP: 32/33 MP: 3/3
   988 | D:3      | Identified the +0 dagger "Xudwa" {heavy, Dex+3 SInv}
  1050 | D:3      | Reached skill level 1 in Stealth
  1069 | D:3      | Gained mutation: Your spells are a little harder to cast,
                  | but a little more powerful. [potion of mutation]
  1069 | D:3      | Gained mutation: You passively map a small area around you.
                  | [potion of mutation]
  1069 | D:3      | Gained mutation: You have sharp fingernails. [potion of
                  | mutation]
  1088 | D:3      | Reached XP level 4. HP: 22/40 MP: 4/4
  1562 | D:4      | Found a runed translucent gate.
  1564 | D:4      | Found a runed translucent gate.
  1565 | D:4      | Found a runed translucent gate.
  1567 | D:4      | Noticed knightboat's ghost (amateur HOMo)
  1781 | D:4      | Reached skill level 4 in Fighting
  1781 | D:4      | Reached XP level 5. HP: 22/46 MP: 5/5
  1928 | D:5      | Entered Level 5 of the Dungeon
  1932 | D:5      | Noticed a phantom
  1949 | D:5      | Killed a phantom
  1950 | D:5      | Reached skill level 1 in Short Blades
  2056 | D:5      | Succumbed to a scorpion's poison

Illustrated notes

Levels and vault maps discovered:
D:1:      kennysheep_arrival_seaside, layout_loops_corners
D:2:      layout_loops_ring
D:3:      cheibrodos_old_hovel, layout_rooms, gammafunk_ghost_grave,
          kennysheep_generic_room_5
D:4:      layout_basic, biasface_ghost_orc_armoury, nicolae_eternal_life
D:5:      layout_loops_ring, zin_angel, fedhas_altar_decomposition,
          uniq_eustachio

Skill      XL: |  1  2  3  4  5 |
---------------+----------------+-----
Dodging        | 3 |  3.9
Stealth        | 1 |  1.7
Fighting       | 4 |  4.1
Short Blades   | 1 |  1.2
Axes           | |  2.6
Throwing       | |  0.9
Shields        | |  3.7

Action                     |  1- 3 |  4- 6 || total
---------------------------+-------+-------++-------
  Melee: War axe           |    49 |       ||    49
         Tailslap          |     8 |     6 ||    14
         Dagger            |    21 |    59 ||    80
  Throw: Boomerang         |       |     8 ||     8
    Use: Scroll            |     5 |     2 ||     7
         Potion            |     1 |     1 ||     2
   Stab: Sleeping          |       |     1 ||     1
 Armour: Skin              |    56 |    32 ||    88
  Dodge: Dodged            |    57 |    29 ||    86
  Block: Buckler           |    26 |    20 ||    46
